 Dungeon Sprint DCSS version 0.30.1-11-g7821555f0a (webtiles) character file.

Game seed: 13877223599903334697

15411 Heoruswealwe the Phalangite (level 12, -4/128 HPs)
             Began as a Minotaur Fighter on Oct 30, 2023.
             Was an Initiate of Gozag.
             Killed from afar by an ice dragon (44 damage)
             ... with a blast of cold
             ... in the Dungeon (Sprint IX: "|||||||||||||||||||||||||||||").
             The game lasted 00:22:10 (2014 turns).

Heoruswealwe the Phalangite (Minotaur Fighter)      Turns: 2014, Time: 00:22:11

Health: -4/128     AC: 23    Str: 26    XL:     12   Next: 1%
Magic:  11/11      EV: 10    Int:  5    God:    Gozag
Gold:   262        SH:  0    Dex:  6    Spells: 11/11 levels left

rFire   + . .        b - +10 halberd of Fucet {freeze, +Blink Fly rElec Dex-4}
rCold   . . .        (shield currently unavailable)
rNeg    . . .        c - +0 plate armour
rPois   .            (helmet restricted)
rElec   +            (no cloak)
rCorr   .            f - +1 pair of gloves
SInv    .            e - +0 pair of boots
Will    .....        (no amulet) Stlth
                     k - ring of protection from fire
HPRegen 0.41/turn    j - +2 ring of evasion
MPRegen 0.12/turn

%: no teleportation
@: gold aura, flying, studying Shields
A: horns 2, retaliatory headbutt
a: Renounce Religion, Evoke Blink, Potion Petition, Call Merchant, Bribe Branch


You were in the Dungeon.
You worshipped Gozag.
Gozag was aware of your devotion.
You visited 1 branch You collected 7443 gold pieces.
You spent 5807 gold pieces at shops.
You paid 1374 gold pieces to Gozag.

Inventory:

Hand Weapons
 a - a +0 trident
 b - the +10 halberd of Fucet (weapon) {freeze, +Blink Fly rElec Dex-4}
   (You bought it in a shop in the Dungeon)

   Dex:       It affects your dexterity (-4).
   rElec:     It insulates you from electricity.
   Fly:       It grants you flight.
   +Blink:    It lets you blink.
 r - the +27 heavy crossbow "Sniper" {heavy, Acc+∞ SInv}
   (You bought it in a shop in the Dungeon)

   Acc+∞: It never misses its target.
   SInv:      It lets you see invisible.
 s - the +7 sceptre of Torment {pain, torment}
   (You bought it in a shop in the Dungeon)
Armour
 c - a +0 plate armour (worn)
 d - a +0 buckler
 e - a +0 pair of boots (worn)
 f - a +1 pair of gloves (worn)
Jewellery
 j - a +2 ring of evasion (right hand)
 k - a ring of protection from fire (left hand)
Wands
 h - a wand of roots (10)
 p - a wand of flame (42)
Scrolls
 n - 3 scrolls of blinking
 o - 4 scrolls of enchant weapon
 q - 3 scrolls of identify
Potions
 g - 4 potions of haste
 i - 8 potions of heal wounds
 l - 3 potions of curing
 m - a potion of might
 t - 3 potions of berserk rage


   Skills:
 + Level 18.5 Fighting
 * Level 24.9 Polearms
 + Level 18.6 Armour
 - Level 3.6 Shields


You had 11 spell levels left.
You didn't know any spells.
Your spell library was empty.

Dungeon Overview and Level Annotations

Branches:
Dungeon (1/1)

Altars:
Cheibriados
Dithmenos
Elyvilon
Fedhas
Gozag
Hepliaklqana
Kikubaaqudgha
Makhleb
Nemelex Xobeh
Okawaru
Qazlal
Ru
Sif Muna
Trog
Uskayaw
Vehumet
Wu Jian
Xom
Yredelemnul
Zin
The Shining One
Jiyva
Lugonu

Shops:
D *(:((:


Innate Abilities, Weirdness & Mutations

You have a pair of horns on your head.
You reflexively headbutt those who attack you in melee.


Message History

You kill the rime drake!
The centaur warrior is no longer distracted by gold.
The centaur warrior hits you but does no damage.
The centaur warrior kicks you but does no damage.
You see here 135 gold pieces.
You puncture the centaur warrior! You freeze the centaur warrior.
The centaur warrior is moderately wounded.
The centaur warrior hits you.
The centaur warrior kicks you but does no damage.
You puncture the centaur warrior! You freeze the centaur warrior.
The centaur warrior is heavily wounded.
The centaur warrior barely misses you.
The centaur warrior kicks you but does no damage.
A rakshasa comes into view.
It is wielding a +0 long sword and wearing a +0 robe of the Archmagi.
You slice the centaur warrior!! You freeze the centaur warrior!
You kill the centaur warrior!
The yaktaur wields a +0 arbalest.
The yaktaur shoots a bolt.
The bolt hits you.
The frost giant is distracted by your dazzling golden aura.
The frost giant shouts!
A tengu reaver comes into view.
It is wielding a +2 halberd of flaming and wearing a +3 ring mail of cold resistance.
The tengu reaver shouts!
You hear an angry buzzing noise.
The frost giant is no longer distracted by gold.
The rakshasa blinks!
The yaktaur unwields a +0 arbalest.
The yaktaur hits you but does no damage.
Things that are here:
162 gold pieces; a +0 shortbow You spit the yaktaur like a pig!!!
You freeze the yaktaur.
You headbutt the yaktaur, but do no damage.
The yaktaur is severely wounded.
You carve the yaktaur like a ham!!! You freeze the yaktaur.
You kill the yaktaur!
A purple very ugly thing comes into view.
You have reached level 12!
You feel agile.
The purple very ugly thing gurgles horribly!
You hear a shout!
The ice dragon breathes frost at you. The blast of cold hits you!!!
You die...
Your body crumbles into a pile of gold.

▓▓▓▓▓▓▓▓▓▓▓▓▓▓▓▓▓▓▓▓▓▓▓▓
.uRQ.CD@$$$$$.........?[
▓▓▓▓▓▓▓▓▓▓▓▓▓▓▓▓▓▓▓▓▓▓▓▓▓▓▓▓▓▓▓▓▓
..........................)......
▓▓▓▓▓▓▓▓▓▓▓▓▓▓▓▓▓▓▓▓▓▓▓▓▓▓▓▓▓▓▓▓▓
.....'.∩.∩.∩.∩.∩.∩...!['....)))))
▓▓▓▓▓▓▓▓▓▓▓▓▓▓▓▓▓▓▓▓▓▓▓▓▓▓▓▓▓▓▓▓▓
.................................
▓▓▓▓▓▓▓▓▓▓▓▓▓▓▓▓▓▓▓▓▓▓▓▓▓▓▓▓▓▓▓▓▓
'..[.[[..'[!)!........'.........'


You could see a frost giant, a purple very ugly thing, an ice dragon (catching
breath), a tengu reaver and a rakshasa.

Vanquished Creatures
  A hydra (D)
  A death knight (D)
  An ogre mage (D)
  2 centaur warriors (D)
  Sonja (D)
  2 orc knights (D)
  4 lindwurms (D)
  6 orc sorcerers (D)
  A deep elf pyromancer (D)
  A yaktaur (D)
  A gargoyle (D)
  4 cane toads (D)
  Psyche (D)
  A rime drake (shapeshifter) (D)
  A rime drake (D)
  An unseen horror (D)
  A tengu conjurer (D)
  2 komodo dragons (D)
  A troll (D)
  A tyrant leech (D)
  A shadow (D)
  A wraith (D)
  A yak (D)
  2 basilisks (D)
  An acid dragon (D)
  5 water moccasins (D)
  7 orc warriors (D)
  A centaur (D)
  A wolf (D)
  A bullfrog (D)
  A gnoll sergeant (D)
  A scorpion (D)
  A killer bee (D)
  A hound (D)
  3 orc priests (D)
  An iguana (D)
  10 orc wizards (D)
  A shadow imp (D)
  3 worms (D)
  A dart slug (D)
  12 orcs (D)
  2 goblins (D)
  A kobold (D)
  A ball python (D)
  A frilled lizard (D)
95 creatures vanquished.

Vanquished Creatures (others)
  A vampire (D)
1 creature vanquished.

Grand Total: 96 creatures vanquished

Notes
Turn   | Place    | Note
-------+----------+-------------------------------------------
     0 | D        | Heoruswealwe the Minotaur Fighter began the quest for the
                  | Orb.
     0 | D        | Reached XP level 1. HP: 19/19 MP: 0/0
     8 | D        | Reached skill level 3 in Polearms
    25 | D        | Noticed a scorpion
    25 | D        | Noticed a hound
    25 | D        | Noticed an iguana
    32 | D        | Killed an iguana
    33 | D        | Reached skill level 5 in Fighting
    33 | D        | Reached skill level 5 in Polearms
    33 | D        | Reached skill level 5 in Armour
    33 | D        | Reached XP level 2. HP: 19/29 MP: 1/1
    33 | D        | Reached XP level 3. HP: 23/36 MP: 2/2
    40 | D        | Reached skill level 6 in Polearms
    45 | D        | Reached skill level 7 in Polearms
    45 | D        | Reached XP level 4. HP: 26/44 MP: 3/3
    51 | D        | Killed a scorpion
    52 | D        | Reached skill level 8 in Polearms
    58 | D        | Found a snail-covered altar of Cheibriados.
    58 | D        | Found a shadowy altar of Dithmenos.
    58 | D        | Found a white marble altar of Elyvilon.
    58 | D        | Found a blossoming altar of Fedhas.
    58 | D        | Found an opulent altar of Gozag.
    59 | D        | Found a hazy altar of Hepliaklqana.
    60 | D        | Found a viscous altar of Jiyva.
    61 | D        | Found an ancient bone altar of Kikubaaqudgha.
    62 | D        | Found a corrupted altar of Lugonu.
    63 | D        | Found a burning altar of Makhleb.
    64 | D        | Found a sparkling altar of Nemelex Xobeh.
    65 | D        | Found an iron altar of Okawaru.
    66 | D        | Became a worshipper of Gozag Ym Sagoz the Greedy
    67 | D        | Found a stormy altar of Qazlal.
    68 | D        | Found a sacrificial altar of Ru.
    69 | D        | Found a shimmering blue altar of Sif Muna.
    70 | D        | Found a bloodstained altar of Trog.
    71 | D        | Found a hide-covered altar of Uskayaw.
    72 | D        | Found a radiant altar of Vehumet.
    73 | D        | Found an ornate altar of the Wu Jian Council.
    74 | D        | Found a shimmering altar of Xom.
    75 | D        | Found a basalt altar of Yredelemnul.
    76 | D        | Found a glowing silver altar of Zin.
    77 | D        | Found a glowing golden altar of the Shining One.
   183 | D        | Noticed a shadow
   183 | D        | Noticed a gnoll sergeant
   183 | D        | Noticed a centaur
   183 | D        | Noticed a wraith
   192 | D        | Killed a wraith
   193 | D        | Reached skill level 10 in Polearms
   193 | D        | Reached XP level 5. HP: 33/56 MP: 4/4
   193 | D        | Reached XP level 6. HP: 37/62 MP: 5/5
   198 | D        | Reached skill level 11 in Polearms
   201 | D        | Reached skill level 12 in Polearms
   214 | D        | Killed a shadow
   215 | D        | Reached skill level 10 in Fighting
   215 | D        | Reached skill level 13 in Polearms
   215 | D        | Reached skill level 10 in Armour
   215 | D        | Reached XP level 7. HP: 23/72 MP: 6/6
   221 | D        | Killed an unseen horror
   222 | D        | Reached skill level 14 in Polearms
   396 | D        | Noticed a vampire
   396 | D        | Noticed a deep elf pyromancer
   396 | D        | Noticed a gargoyle
   396 | D        | Noticed a troll
   402 | D        | Killed a troll
   403 | D        | Reached XP level 8. HP: 65/82 MP: 7/7
   410 | D        | Killed a gargoyle
   411 | D        | Reached skill level 15 in Polearms
   417 | D        | Killed a deep elf pyromancer
   418 | D        | Reached skill level 16 in Polearms
   436 | D        | Reached XP level 9. HP: 32/92 MP: 8/8
   725 | D        | Noticed a rime drake
   725 | D        | Noticed a komodo dragon
   725 | D        | Noticed a cane toad
   725 | D        | Noticed a cane toad
   728 | D        | Noticed a cane toad
   735 | D        | Reached skill level 17 in Polearms
   737 | D        | Killed a cane toad
   743 | D        | Killed a cane toad
   744 | D        | Reached skill level 18 in Polearms
   746 | D        | Killed a komodo dragon
   751 | D        | Killed a rime drake
   756 | D        | Killed a cane toad
   762 | D        | Reached skill level 19 in Polearms
   814 | D        | Noticed a seven-headed hydra
   814 | D        | Noticed a komodo dragon
   823 | D        | Killed a komodo dragon
   824 | D        | Reached XP level 10. HP: 104/104 MP: 9/9
   828 | D        | Killed an 11-headed hydra
   828 | D        | Noticed a cane toad
   829 | D        | Reached skill level 20 in Polearms
   831 | D        | Reached skill level 15 in Armour
   835 | D        | Reached skill level 15 in Fighting
   849 | D        | Killed a cane toad
   886 | D        | Noticed a lindwurm
   886 | D        | Noticed a lindwurm
   886 | D        | Noticed a lindwurm
   890 | D        | Noticed a lindwurm
   891 | D        | Killed a lindwurm
   893 | D        | Killed a lindwurm
   894 | D        | Reached skill level 21 in Polearms
   901 | D        | Killed a lindwurm
   932 | D        | Killed a lindwurm
  1332 | D        | Noticed an orc sorcerer
  1332 | D        | Noticed an orc knight
  1336 | D        | Reached XP level 11. HP: 114/114 MP: 10/10
  1347 | D        | Killed an orc knight
  1348 | D        | Reached skill level 22 in Polearms
  1351 | D        | Killed an orc sorcerer
  1424 | D        | Found Vyidenkull's Book Boutique.
  1424 | D        | Noticed an orc sorcerer
  1424 | D        | Noticed an orc sorcerer
  1426 | D        | Noticed an orc sorcerer
  1427 | D        | Killed an orc sorcerer
  1431 | D        | Found Doomer's Weapon Shop.
  1431 | D        | Noticed an orc sorcerer
  1436 | D        | Paralysed by an orc sorcerer for 4 turns
  1444 | D        | Killed an orc sorcerer
  1448 | D        | Noticed a sixfirhy
  1449 | D        | Killed an orc sorcerer
  1450 | D        | Reached skill level 23 in Polearms
  1450 | D        | Found Zagoedall's Weapon Boutique.
  1454 | D        | Killed an orc sorcerer
  1459 | D        | Found Ogelud's Book Shop.
  1462 | D        | Noticed an orc sorcerer
  1468 | D        | Killed an orc sorcerer
  1588 | D        | Bought the +10 halberd of Fucet {freeze, +Blink Fly rElec
                  | Dex-4} for 1150 gold pieces
  1588 | D        | Bought the +27 heavy crossbow "Sniper" {heavy, Acc+∞ SInv}
                  | for 1280 gold pieces
  1588 | D        | Found the +27 heavy crossbow "Sniper" {heavy, Acc+∞ SInv}
  1588 | D        | Bought the +7 sceptre of Torment {pain, torment} for 1920
                  | gold pieces
  1588 | D        | Found the +7 sceptre of Torment {pain, torment}
  1629 | D        | Bought a wand of flame (13) for 127 gold pieces
  1629 | D        | Bought a scroll of identify for 28 gold pieces
  1629 | D        | Bought a potion of flight for 42 gold pieces
  1629 | D        | Bought a potion of haste for 140 gold pieces
  1629 | D        | Bought a manual of Shields for 1120 gold pieces
  1694 | D        | Noticed Sonja
  1701 | D        | Killed Sonja
  1817 | D        | Noticed Psyche
  1825 | D        | Killed Psyche
  1982 | D        | Noticed an ogre mage
  1982 | D        | Noticed a centaur warrior
  1982 | D        | Noticed a death knight
  1982 | D        | Noticed an orc knight
  1985 | D        | Killed an orc knight
  1986 | D        | Noticed a centaur warrior
  1988 | D        | Killed a death knight
  1989 | D        | Reached skill level 24 in Polearms
  1989 | D        | Noticed an ice dragon
  1992 | D        | Killed a centaur warrior
  1995 | D        | Noticed a frost giant
  2002 | D        | Killed an ogre mage
  2009 | D        | Noticed a rakshasa
  2010 | D        | Killed a centaur warrior
  2011 | D        | Noticed a tengu reaver
  2013 | D        | Noticed a purple very ugly thing
  2014 | D        | Reached XP level 12. HP: 40/128 MP: 11/11
  2014 | D        | Killed from afar by an ice dragon

Illustrated notes

Levels and vault maps discovered:
D:        linesprint [early_d, line_temple, items_1, d_10, items_2, lair_1,
          lair_end, items_3, orc_1, orc_end, items_4, d_15, swamp_1, shoals_1,
          snake_1, spider_1, d_20, vaults_1, items_5, swamp_end, shoals_end,
          snake_end, spider_end, vaults_end, d_27, items_6, zot_1, zot_end,
          crypt_end, forest_end, elf_end, slime_end, tomb_end, abyss_end,
          pan_hell_end]

Skill      XL: |  1  2  3  4  5  6  7  8  9 10 11 |
---------------+----------------------------------+-----
Polearms       | 5 7 10 13 14 16 19 21 24 | 24.9
Fighting       | 5 6 8 10 11 12 14 16 18 | 18.5
Armour         | 5 6 8 10 11 12 14 16 18 | 18.6
Shields        | |  3.6

Action                     |  1- 3 |  4- 6 |  7- 9 | 10-12 || total
---------------------------+-------+-------+-------+-------++-------
  Melee: Trident           |    29 |     7 |       |       ||    36
         Headbutt          |     4 |     5 |    18 |    33 ||    60
         Halberd           |       |    26 |    88 |   193 ||   307
 Invoke: Call Merchant     |       |       |       |     2 ||     2
    Use: Potion            |       |       |     1 |     5 ||     6
   Stab: Distracted        |       |       |       |     2 ||     2
 Armour: Scale mail        |     6 |     2 |       |       ||     8
         Plate armour      |       |    13 |    29 |    91 ||   133
         Skin              |       |       |       |     2 ||     2
  Dodge: Dodged            |    11 |    14 |    18 |    48 ||    91
  Block: Buckler           |     8 |       |       |       ||     8
